Blues vs Jets

Created - 9 février 2018 at 15:55

Goals
1 2 3 T
Blues 0 2 1 3
Jets 2 2 0 4
Shots
1 2 3 T
Blues 14 22 17 53
Jets 12 17 8 37

1st period

1. Jets , Ryan Ellis 12 (Leo Komarov 11, Sam Reinhart 13) at 5:02 (PP)
2. Jets , Sam Reinhart 7 (Milan Lucic 10, Leo Komarov 12) at 19:02

Penalties :
Mike Weber (STL) for Tripping (Minor) at 1:42, Nate Guenin (STL) for Tripping (Minor) at 4:34, Doug Janik (WIN) for Holding (Minor) at 6:37, Matt D'Agostini (STL) for Hooking (Minor) at 6:37

2nd period

3. Blues , Ryan Getzlaf 28 (Mike Weber 24) at 0:37
4. Blues , Patric Hornqvist 20 (Ryan Getzlaf 28, David Savard 27) at 5:33
5. Jets , Mattias Weinhandl 3 (*Nico Hischier 23, Ryan Ellis 22) at 13:26
6. Jets , *Nico Hischier 10 (Jake Muzzin 23) at 14:00

Penalties :
Oliver Setzinger (STL) for Checking from behind (Minor) at 1:57, Doug Janik (WIN) for Hooking (Minor) at 8:48, Oliver Setzinger (STL) for Hooking (Minor) at 15:26

3rd period

7. Blues , Oliver Setzinger 9 (Ryan Getzlaf 29, Patric Hornqvist 34) at 1:41 (PP)

Penalties :
Leo Komarov (WIN) for Hooking (Minor) at 0:51, Leo Komarov (WIN) for High sticking (Double Minor) at 12:39

Goalie Stats

Jason Bacashihua (STL), 33 saves from 37 shots - (0,892), L, 5-7-1, 60:00 minutes
Maxime Daigneault (WIN), 50 saves from 53 shots - (0,943), W, 5-11-1, 60:00 minutes

Players Stats for Blues

Player Name              G  A  P  +/- PIM S  H  SB GA TA FO     MP     PP MP  PK MP  
------------------------------------------------------------------------------------
Anders Lee               0  0  0   0  0   0  1  0  0  0  0/0     6:11   0:38   0:00 
Chad LaRose              0  0  0   0  0   1  0  1  0  0  0/0     5:00   0:00   0:00 
David Savard             0  1  1  -1  0   5  1  3  0  0  0/0    24:26   3:10   3:39 
Frans Nielsen            0  0  0  -2  0   5  0  0  0  0  20/34  15:47   0:00   4:42 
Jacob Josefson           0  0  0   0  0   0  0  0  0  0  2/7     5:00   0:00   0:00 
Keith Yandle             0  0  0  -1  0   1  1  0  0  0  0/0    17:32   3:10   0:00 
Martin Erat              0  0  0   2  0   3  0  0  0  0  2/3    17:34   2:45   0:00 
Matt D'Agostini          0  0  0  -2  2   0  4  0  0  0  0/2    18:25   3:12   4:42 
Michal Birner            0  0  0  -2  0   4  0  0  0  0  1/2    10:32   0:00   0:00 
Mike Weber               0  1  1   1  2   3  2  1  0  0  0/0    21:13   3:27   2:07 
Nate Guenin              0  0  0  -1  2   2  3  1  0  0  0/0    16:52   0:11   3:27 
Oliver Setzinger         1  0  1  -1  4   4  5  0  0  0  0/1    17:50   3:25   0:00 
Oscar Klefbom            0  0  0  -1  0   0  0  0  0  0  0/0    24:05   3:27   2:46 
Patric Hornqvist         1  1  2   2  0   4  0  0  0  0  1/3    21:34   3:36   1:43 
Ryan Getzlaf             1  2  3   2  0   10 2  2  0  0  26/35  21:23   3:25   1:43 
Sidney Crosby            0  0  0  -1  0   4  2  2  0  0  15/25  17:39   3:12   0:00 
Tobias Rieder            0  0  0  -1  0   4  0  0  0  0  0/1    14:38   0:11   0:00 
Trevor Daley             0  0  0   1  0   3  0  2  0  0  0/0    15:50   0:11   0:51 

Players Stats for Jets

Player Name              G  A  P  +/- PIM S  H  SB GA TA FO     MP     PP MP  PK MP  
------------------------------------------------------------------------------------
*Nico Hischier           1  1  2   1  0   5  0  0  0  0  13/32  16:36   3:41   0:00 
Andrew MacDonald         0  0  0   1  0   0  0  1  0  0  0/0    10:40   0:00   0:00 
Chris Higgins            0  0  0  -1  0   1  0  2  0  0  11/31  23:04   0:00   4:02 
Clarke MacArthur         0  0  0  -1  0   4  0  0  0  0  2/3    22:56   3:41   1:56 
Connor Murphy            0  0  0   0  0   0  1  0  0  0  0/0    21:37   2:55   3:09 
Doug Janik               0  0  0   1  4   1  3  0  0  0  0/0    11:13   0:00   0:35 
Jake Muzzin              0  1  1   0  0   2  2  5  0  0  0/0    24:15   3:30   3:14 
Josh Bailey              0  0  0  -1  0   6  5  0  0  0  2/3    24:39   3:41   3:46 
Kevin Porter             0  0  0   1  0   0  3  0  0  0  0/0    12:31   0:00   0:00 
Leo Komarov              0  2  2   1  6   2  1  0  0  0  13/30  15:37   2:44   0:00 
Marc-Edouard Vlasic      0  0  0   0  0   3  0  2  0  0  0/0    21:46   2:55   3:18 
Mattias Weinhandl        1  0  1   1  0   5  0  0  0  0  0/1    13:47   0:00   0:00 
Milan Lucic              0  1  1   1  0   2  2  0  0  0  1/4    18:54   2:44   2:12 
Nathan McIver            0  0  0   0  0   1  1  0  0  0  0/0     3:03   0:00   0:00 
Ryan Ellis               1  1  2   0  0   2  0  2  0  0  0/0    27:24   3:30   3:20 
Ryan Spooner             0  0  0   0  0   0  1  0  0  0  2/5     4:37   0:00   1:31 
Sam Reinhart             1  1  2   1  0   3  0  0  0  0  2/4    15:48   2:44   0:09 
Tim Jackman              0  0  0   0  0   0  0  0  0  0  0/0     2:42   0:00   0:00 

3 Stars

1 - Ryan Getzlaf (STL)
2 - Maxime Daigneault (WIN)
3 - Patric Hornqvist (STL)

Power Play

Blues - 1 on 4 Attempt(s) - 25,00%
Jets - 1 on 4 Attempt(s) - 25,00%

Penalty Kill

Blues - 3 on 4 Attempt(s) - 75,00% - Score 0 goal in Penalty Kill
Jets - 3 on 4 Attempt(s) - 75,00% - Score 0 goal in Penalty Kill

Team Stat

Blues - Hits : 21 - Faceoff Wins : 67 - Blocked Shots : 12 - Penalty Minutes : 10
Jets - Hits : 19 - Faceoff Wins : 46 - Blocked Shots : 12 - Penalty Minutes : 10

Official

Referees : Fred LeBlanc and Dean Morton
Linesman : Fred Hudy and Ian McCambridge

Game Notes

No Game Note

Finance

Level 1 -- Attendance: 4381 (73,02%) -- Ticket Income 591 435 $
Level 2 -- Attendance: 4423 (88,46%) -- Ticket Income 331 725 $
Level 3 -- Attendance: 2175 (96,67%) -- Ticket Income 97 875 $
Level 4 -- Attendance: 3118 (77,95%) -- Ticket Income 109 130 $
Luxury Box -- Attendance: 1750 (100,00%) -- Ticket Income 435 750 $
Game was played at the Copps Coliseum.
Total Attendance: 15847 (83,41%)
Total Ticket Income: 1 565 915 $
Other Income: 767 298 $
Total Income: 2 333 213 $

Blues

5 vs 5 Forward 
   Center                   Left Wing                Right Wing               Time % Phy DF OF 
 1 Ryan Getzlaf             Martin Erat              Patric Hornqvist         35     1   1  3  
 2 Sidney Crosby            Oliver Setzinger         Tobias Rieder            34     0   2  3  
 3 Frans Nielsen            Michal Birner            Matt D'Agostini          25     0   2  3  
 4 Jacob Josefson           Anders Lee               Chad LaRose              6      1   3  1  

5 vs 5 Defense 
   Defense                  Defense                                           Time % Phy DF OF 
 1 Oscar Klefbom            David Savard                                      35     0   3  2  
 2 Trevor Daley             Mike Weber                                        33     0   3  2  
 3 Keith Yandle             Nate Guenin                                       26     0   3  2  
 4 Oscar Klefbom            Nate Guenin                                       6      0   3  2  

PowerPlay Forward 
   Center                   Left Wing                Right Wing               Time % Phy DF OF 
 1 Ryan Getzlaf             Oliver Setzinger         Patric Hornqvist         50     0   1  4  
 2 Sidney Crosby            Martin Erat              Matt D'Agostini          50     0   1  4  

PowerPlay Defense
   Defense                  Defense                                           Time % Phy DF OF 
 1 David Savard             Keith Yandle                                      60     0   2  3  
 2 Oscar Klefbom            Mike Weber                                        40     0   2  3  

Penalty Kill 4 Players Forward 
   Center                   Wing                     Time % Phy DF OF 
 1 Frans Nielsen            Matt D'Agostini          60     0   4  1  
 2 Ryan Getzlaf             Patric Hornqvist         40     0   4  1  

Penalty Kill 4 Players Defense
   Defense                  Defense                  Time % Phy DF OF 
 1 Nate Guenin              David Savard             60     0   3  2  
 2 Mike Weber               Oscar Klefbom            40     0   3  2  

Penalty Kill - 3 Players Forward 
   Forward                                           Time % Phy DF OF 
 1 Anders Lee                                        60     0   3  2  
 2 Frans Nielsen                                     40     0   3  2  

Penalty Kill - 3 Players Defense
   Defense                  Defense                  Time % Phy DF OF 
 1 Mike Weber               Trevor Daley             60     0   3  2  
 2 Nate Guenin              Oscar Klefbom            40     0   3  2  

4 vs 4 Forward 
   Center                   Wing                     Time % Phy DF OF 
 1 Ryan Getzlaf             Patric Hornqvist         60     0   2  3  
 2 Frans Nielsen            Matt D'Agostini          40     0   2  3  

4 vs 4 Defense
   Defense                  Defense                  Time % Phy DF OF 
 1 Oscar Klefbom            Keith Yandle             60     1   2  2  
 2 David Savard             Mike Weber               40     1   2  2  

Last Minutes Offensive
   Center                   Left Wing                Right Wing               Defense                  Defense                  
   Ryan Getzlaf             Michal Birner            Patric Hornqvist         Mike Weber               David Savard             

Last Minutes Defensive
   Center                   Left Wing                Right Wing               Defense                  Defense                  
   Frans Nielsen            Matt D'Agostini          Patric Hornqvist         David Savard             Nate Guenin              

Goaltenders
Starting : Jason Bacashihua         
Backup : Simeon Varlamov          

Extra Forwards
Normal : Anders Lee, Oliver Setzinger, Tobias Rieder - PP : Anders Lee, Tobias Rieder - PK : Chad LaRose
Extra Defensemen
Normal : Nate Guenin, Mike Weber, Trevor Daley - PP : Oscar Klefbom - PK : Mike Weber, Trevor Daley
Penalty Shots
Ryan Getzlaf, Frans Nielsen, Patric Hornqvist, Trevor Daley, Michal Birner
Custom OT Lines Forwards
Ryan Getzlaf, Patric Hornqvist, Martin Erat, Sidney Crosby, Matt D'Agostini, Frans Nielsen, Jacob Josefson, Oliver Setzinger, Anders Lee, Tobias Rieder
Custom OT Lines Defensemen
David Savard, Mike Weber, Trevor Daley, Oscar Klefbom, Nate Guenin

Scratches
None

Jets

5 vs 5 Forward 
   Center                   Left Wing                Right Wing               Time % Phy DF OF 
 1 Chris Higgins            Josh Bailey              Clarke MacArthur         40     1   2  2  
 2 Leo Komarov              Milan Lucic              Sam Reinhart             30     1   2  2  
 3 *Nico Hischier           Mattias Weinhandl        Kevin Porter             20     1   2  2  
 4 Ryan Spooner             Chris Higgins            Tim Jackman              10     1   2  2  

5 vs 5 Defense 
   Defense                  Defense                                           Time % Phy DF OF 
 1 Ryan Ellis               Jake Muzzin                                       40     1   2  2  
 2 Connor Murphy            Marc-Edouard Vlasic                               30     1   2  2  
 3 Andrew MacDonald         Doug Janik                                        20     1   2  2  
 4 Nathan McIver            Ryan Ellis                                        10     1   2  2  

PowerPlay Forward 
   Center                   Left Wing                Right Wing               Time % Phy DF OF 
 1 *Nico Hischier           Josh Bailey              Clarke MacArthur         60     1   2  2  
 2 Leo Komarov              Milan Lucic              Sam Reinhart             40     1   2  2  

PowerPlay Defense
   Defense                  Defense                                           Time % Phy DF OF 
 1 Ryan Ellis               Jake Muzzin                                       60     1   2  2  
 2 Connor Murphy            Marc-Edouard Vlasic                               40     1   2  2  

Penalty Kill 4 Players Forward 
   Center                   Wing                     Time % Phy DF OF 
 1 Chris Higgins            Josh Bailey              60     1   2  2  
 2 Milan Lucic              Clarke MacArthur         40     1   2  2  

Penalty Kill 4 Players Defense
   Defense                  Defense                  Time % Phy DF OF 
 1 Ryan Ellis               Jake Muzzin              60     1   2  2  
 2 Connor Murphy            Marc-Edouard Vlasic      40     1   2  2  

Penalty Kill - 3 Players Forward 
   Forward                                           Time % Phy DF OF 
 1 Chris Higgins                                     60     1   2  2  
 2 Josh Bailey                                       40     1   2  2  

Penalty Kill - 3 Players Defense
   Defense                  Defense                  Time % Phy DF OF 
 1 Ryan Ellis               Jake Muzzin              60     1   2  2  
 2 Connor Murphy            Marc-Edouard Vlasic      40     1   2  2  

4 vs 4 Forward 
   Center                   Wing                     Time % Phy DF OF 
 1 Chris Higgins            Josh Bailey              60     1   2  2  
 2 Milan Lucic              Clarke MacArthur         40     1   2  2  

4 vs 4 Defense
   Defense                  Defense                  Time % Phy DF OF 
 1 Ryan Ellis               Jake Muzzin              60     1   2  2  
 2 Connor Murphy            Marc-Edouard Vlasic      40     1   2  2  

Last Minutes Offensive
   Center                   Left Wing                Right Wing               Defense                  Defense                  
   Chris Higgins            Josh Bailey              Clarke MacArthur         Ryan Ellis               Jake Muzzin              

Last Minutes Defensive
   Center                   Left Wing                Right Wing               Defense                  Defense                  
   Chris Higgins            Josh Bailey              Clarke MacArthur         Ryan Ellis               Jake Muzzin              

Goaltenders
Starting : Maxime Daigneault        
Backup : Jaroslav Halak           

Extra Forwards
Normal : *Nico Hischier, Mattias Weinhandl, Ryan Spooner - PP : *Nico Hischier, Mattias Weinhandl - PK : Ryan Spooner
Extra Defensemen
Normal : Andrew MacDonald, Doug Janik, Nathan McIver - PP : Andrew MacDonald - PK : Doug Janik, Nathan McIver
Penalty Shots
Chris Higgins, Josh Bailey, Milan Lucic, Clarke MacArthur, Leo Komarov
Custom OT Lines Forwards
Chris Higgins, Josh Bailey, Milan Lucic, Clarke MacArthur, Leo Komarov, Sam Reinhart, *Nico Hischier, Mattias Weinhandl, Ryan Spooner, Kevin Porter
Custom OT Lines Defensemen
Ryan Ellis, Jake Muzzin, Connor Murphy, Marc-Edouard Vlasic, Andrew MacDonald

Scratches
Tyler Toffoli (Healthy), Trevor Van Riemsdyk (Healthy), Anton Babchuk (Healthy), Garrett Stafford (Healthy), Cory Conacher (Healthy)
Mike Iggulden (Bruised Left Arm Injury)

% Time on Ice - Blues

Lines # - Real PCT - Wanted PCT - Time Play
Normal Forward
1 - 33% - 35% - 14:49
2 - 32% - 34% - 14:27
3 - 24% - 25% - 10:32
4 - 11% - 6% - 5:00
Normal Defense
1 - 37% - 35% - 16:45
2 - 33% - 33% - 14:48
3 - 30% - 26% - 13:15
4 - 0% - 6% - 0:00
PP Forward
1 - 53% - 50% - 3:36
2 - 47% - 50% - 3:12
PP Defense
1 - 49% - 60% - 3:21
2 - 51% - 40% - 3:27
PK Forward
1 - 73% - 60% - 4:42
2 - 27% - 40% - 1:43
PK Defense
1 - 57% - 60% - 3:39
2 - 43% - 40% - 2:46
PK3 Forward
1 - 0% - 60%
2 - 0% - 40%
PK3 Defense
1 - 0% - 60%
2 - 0% - 40%
44 Forward
1 - 72% - 60% - 1:26
2 - 28% - 40% - 0:33
44 Defense
1 - 56% - 60% - 1:07
2 - 44% - 40% - 0:52
Last Minute Offensive  - 0:00
Last Minute Defensive  - 0:00
Total
Forward - 60:00
Defense - 60:00

% Time on Ice - Jets

Lines # - Real PCT - Wanted PCT - Time Play
Normal Forward
1 - 37% - 40% - 16:16
2 - 29% - 30% - 12:55
3 - 28% - 20% - 12:31
4 - 6% - 10% - 2:42
Normal Defense
1 - 36% - 40% - 16:11
2 - 33% - 30% - 14:30
3 - 24% - 20% - 10:40
4 - 7% - 10% - 3:03
PP Forward
1 - 57% - 60% - 3:41
2 - 43% - 40% - 2:44
PP Defense
1 - 55% - 60% - 3:30
2 - 45% - 40% - 2:55
PK Forward
1 - 72% - 60% - 4:52
2 - 28% - 40% - 1:56
PK Defense
1 - 51% - 60% - 3:30
2 - 49% - 40% - 3:18
PK3 Forward
1 - 0% - 60%
2 - 0% - 40%
PK3 Defense
1 - 0% - 60%
2 - 0% - 40%
44 Forward
1 - 47% - 60% - 0:56
2 - 53% - 40% - 1:03
44 Defense
1 - 47% - 60% - 0:56
2 - 53% - 40% - 1:03
Last Minute Offensive  - 0:00
Last Minute Defensive  - 0:24
Total
Forward - 60:00
Defense - 60:00

Play by Play

1st period


0:01 of 1st period - Chris Higgins wins face-off versus Patric Hornqvist in neutral zone.
0:20 of 1st period - Shot by Martin Erat.
0:20 of 1st period - Shot Hit the Post.
0:22 of 1st period - Shot by David Savard.
0:22 of 1st period - Stopped by Maxime Daigneault without a rebound.
0:23 of 1st period - Sidney Crosby wins face-off versus Sam Reinhart in Jets zone.
0:40 of 1st period - Shot by Sidney Crosby.
0:40 of 1st period - Shot Misses the Net.
0:42 of 1st period - Shot by Tobias Rieder.
0:42 of 1st period - Stopped by Maxime Daigneault without a rebound.
0:43 of 1st period - Frans Nielsen wins face-off versus *Nico Hischier in Jets zone.
0:44 of 1st period - Shot by Michal Birner.
0:44 of 1st period - Shot Misses the Net.
0:46 of 1st period - Shot by Nate Guenin.
0:46 of 1st period - Stopped by Maxime Daigneault without a rebound.
0:47 of 1st period - *Nico Hischier wins face-off versus Frans Nielsen in Jets zone.
1:11 of 1st period - Shot by Mattias Weinhandl.
1:11 of 1st period - Stopped by Jason Bacashihua without a rebound.
1:12 of 1st period - Sidney Crosby wins face-off versus Ryan Spooner in Blues zone.
1:12 of 1st period - Sidney Crosby is hit by Nathan McIver.
1:34 of 1st period - Nathan McIver is hit by Oliver Setzinger and loses puck.
1:41 of 1st period - Shot by Chris Higgins.
1:41 of 1st period - Shot Misses the Net.
1:42 of 1st period - Minor Penalty to Mike Weber for Tripping.
1:43 of 1st period - *Nico Hischier wins face-off versus Frans Nielsen in Blues zone.
1:52 of 1st period - Shot by *Nico Hischier.
1:52 of 1st period - Shot Blocked by Nate Guenin.
1:54 of 1st period - Shot by Josh Bailey.
1:54 of 1st period - Deflect By Clarke MacArthur.
1:54 of 1st period - Stopped by Jason Bacashihua without a rebound.
1:55 of 1st period - Frans Nielsen wins face-off versus Milan Lucic in Blues zone.
2:10 of 1st period - Shot by Ryan Ellis.
2:10 of 1st period - Shot Misses the Net.
2:12 of 1st period - Shot by Milan Lucic.
2:12 of 1st period - Stopped by Jason Bacashihua without a rebound.
2:13 of 1st period - Ryan Getzlaf wins face-off versus *Nico Hischier in Blues zone.
2:42 of 1st period - Shot by Josh Bailey.
2:42 of 1st period - Deflect By *Nico Hischier.
2:42 of 1st period - Stopped by Jason Bacashihua without a rebound.
2:43 of 1st period - Frans Nielsen wins face-off versus Leo Komarov in Blues zone.
3:04 of 1st period - Shot by Jake Muzzin.
3:04 of 1st period - Stopped by Jason Bacashihua without a rebound.
3:05 of 1st period - Frans Nielsen wins face-off versus *Nico Hischier in Blues zone.
3:11 of 1st period - Icing by Clarke MacArthur.
3:12 of 1st period - *Nico Hischier wins face-off versus Matt D'Agostini in Jets zone.
3:24 of 1st period - Icing by Connor Murphy.
3:25 of 1st period - Frans Nielsen wins face-off versus *Nico Hischier in Jets zone.
3:37 of 1st period - Icing by Clarke MacArthur.
3:38 of 1st period - Ryan Getzlaf wins face-off versus *Nico Hischier in Jets zone.
4:01 of 1st period - Shot by David Savard.
4:01 of 1st period - Shot Blocked by Jake Muzzin.
4:03 of 1st period - Shot by Tobias Rieder.
4:03 of 1st period - Shot Misses the Net.
4:05 of 1st period - Shot by Sidney Crosby.
4:05 of 1st period - Stopped by Maxime Daigneault without a rebound.
4:06 of 1st period - Patric Hornqvist wins face-off versus Clarke MacArthur in Jets zone.
4:34 of 1st period - Minor Penalty to Nate Guenin for Tripping.
4:35 of 1st period - Frans Nielsen wins face-off versus Leo Komarov in Blues zone.
5:02 of 1st period - Shot by Ryan Ellis.
5:02 of 1st period - Goal by Ryan Ellis - Blues : 0 - Jets : 1.
5:03 of 1st period - Chris Higgins wins face-off versus Sidney Crosby in neutral zone.
5:24 of 1st period - Shot by Oliver Setzinger.
5:24 of 1st period - Stopped by Maxime Daigneault with a rebound.
5:43 of 1st period - Tobias Rieder is hit by Connor Murphy and loses puck.
5:56 of 1st period - Shot by Martin Erat.
5:56 of 1st period - Shot Misses the Net.
5:58 of 1st period - Shot by Patric Hornqvist.
5:58 of 1st period - Shot Misses the Net.
6:00 of 1st period - Shot by Ryan Getzlaf.
6:00 of 1st period - Shot Misses the Net.
6:02 of 1st period - Shot by Trevor Daley.
6:02 of 1st period - Stopped by Maxime Daigneault with a rebound.
6:04 of 1st period - Shot by Trevor Daley.
6:04 of 1st period - Shot Misses the Net.
6:06 of 1st period - Shot by Mike Weber.
6:06 of 1st period - Stopped by Maxime Daigneault without a rebound.
6:07 of 1st period - Sam Reinhart wins face-off versus Frans Nielsen in Jets zone.
6:14 of 1st period - Shot by Milan Lucic.
6:14 of 1st period - Stopped by Jason Bacashihua without a rebound.
6:15 of 1st period - Martin Erat wins face-off versus Leo Komarov in Blues zone.
6:32 of 1st period - Shot by Ryan Getzlaf.
6:32 of 1st period - Shot Blocked by Ryan Ellis.
6:34 of 1st period - Shot by Patric Hornqvist.
6:34 of 1st period - Shot Misses the Net.
6:36 of 1st period - Shot by Mike Weber.
6:36 of 1st period - Stopped by Maxime Daigneault without a rebound.
6:37 of 1st period - Frans Nielsen wins face-off versus *Nico Hischier in Jets zone.
6:37 of 1st period - Minor Penalty to Doug Janik for Holding.
6:37 of 1st period - Minor Penalty to Matt D'Agostini for Hooking.
6:38 of 1st period - Ryan Getzlaf wins face-off versus Chris Higgins in Jets zone.
7:07 of 1st period - Shot by Chris Higgins.
7:07 of 1st period - Stopped by Jason Bacashihua with a rebound.
7:09 of 1st period - Shot by Jake Muzzin.
7:09 of 1st period - Shot Misses the Net.
7:11 of 1st period - Shot by Josh Bailey.
7:11 of 1st period - Stopped by Jason Bacashihua without a rebound.
7:12 of 1st period - Ryan Getzlaf wins face-off versus Milan Lucic in Blues zone.
8:09 of 1st period - Keith Yandle is hit by Milan Lucic and loses puck.
8:22 of 1st period - Shot by Anders Lee.
8:22 of 1st period - Shot Misses the Net.
8:24 of 1st period - Shot by Keith Yandle.
8:24 of 1st period - Shot Blocked by Jake Muzzin.
8:51 of 1st period - Shot by Oliver Setzinger.
8:51 of 1st period - Shot Blocked by Andrew MacDonald.
9:22 of 1st period - Icing by Andrew MacDonald.
9:23 of 1st period - *Nico Hischier wins face-off versus Jacob Josefson in Jets zone.
10:26 of 1st period - Shot by Frans Nielsen.
10:26 of 1st period - Stopped by Maxime Daigneault with a rebound.
10:28 of 1st period - Shot by Mike Weber.
10:28 of 1st period - Stopped by Maxime Daigneault with a rebound.
10:30 of 1st period - Shot by Frans Nielsen.
10:30 of 1st period - Shot Misses the Net.
10:41 of 1st period - Icing by *Nico Hischier.
10:42 of 1st period - Ryan Getzlaf wins face-off versus *Nico Hischier in Jets zone.
10:42 of 1st period - Ryan Getzlaf is hit by Doug Janik.
11:08 of 1st period - Off-side.
11:09 of 1st period - Sidney Crosby wins face-off versus Chris Higgins in neutral zone.
11:28 of 1st period - Shot by Tobias Rieder.
11:28 of 1st period - Shot Misses the Net.
12:33 of 1st period - Off-side.
12:34 of 1st period - Ryan Spooner wins face-off versus Frans Nielsen in neutral zone.
12:59 of 1st period - Icing by Ryan Spooner.
13:00 of 1st period - Ryan Spooner wins face-off versus Jacob Josefson in Jets zone.
13:02 of 1st period - Icing by Chris Higgins.
13:03 of 1st period - Ryan Getzlaf wins face-off versus Ryan Spooner in Jets zone.
13:42 of 1st period - Shot by Martin Erat.
13:42 of 1st period - Shot Misses the Net.
13:56 of 1st period - Shot by Michal Birner.
13:56 of 1st period - Stopped by Maxime Daigneault without a rebound.
13:57 of 1st period - Frans Nielsen wins face-off versus Mattias Weinhandl in Jets zone.
13:57 of 1st period - Trevor Daley is hit by Doug Janik and loses puck.
14:18 of 1st period - Icing by Andrew MacDonald.
14:19 of 1st period - Clarke MacArthur wins face-off versus Sidney Crosby in Jets zone.
14:19 of 1st period - Mattias Weinhandl is hit by Oliver Setzinger and loses puck.
14:40 of 1st period - Shot by Josh Bailey.
14:40 of 1st period - Shot Misses the Net.
14:42 of 1st period - Shot by Andrew MacDonald.
14:42 of 1st period - Shot Misses the Net.
15:24 of 1st period - Sidney Crosby is hit by Milan Lucic and loses puck.
15:30 of 1st period - Icing by Keith Yandle.
15:31 of 1st period - Sidney Crosby wins face-off versus Ryan Spooner in Blues zone.
15:33 of 1st period - Icing by Oliver Setzinger.
15:34 of 1st period - Sidney Crosby wins face-off versus Chris Higgins in Blues zone.
15:41 of 1st period - Connor Murphy is hit by Oliver Setzinger and loses puck.
16:06 of 1st period - Shot by Josh Bailey.
16:06 of 1st period - Shot Misses the Net.
16:16 of 1st period - Icing by Marc-Edouard Vlasic.
16:17 of 1st period - Frans Nielsen wins face-off versus Chris Higgins in Jets zone.
16:36 of 1st period - Leo Komarov is hit by Matt D'Agostini and loses puck.
16:45 of 1st period - Shot by Frans Nielsen.
16:45 of 1st period - Stopped by Maxime Daigneault without a rebound.
16:46 of 1st period - Ryan Getzlaf wins face-off versus *Nico Hischier in Jets zone.
16:59 of 1st period - Shot by Martin Erat.
16:59 of 1st period - Shot Misses the Net.
17:01 of 1st period - Shot by Ryan Getzlaf.
17:01 of 1st period - Stopped by Maxime Daigneault without a rebound.
17:02 of 1st period - Leo Komarov wins face-off versus Jacob Josefson in Jets zone.
17:15 of 1st period - Shot by Anders Lee.
17:15 of 1st period - Shot Misses the Net.
17:34 of 1st period - Shot by Anders Lee.
17:34 of 1st period - Shot Misses the Net.
17:36 of 1st period - Shot by Chad LaRose.
17:36 of 1st period - Stopped by Maxime Daigneault without a rebound.
17:37 of 1st period - Ryan Getzlaf wins face-off versus Chris Higgins in Jets zone.
18:12 of 1st period - Shot by Martin Erat.
18:12 of 1st period - Shot Blocked by Ryan Ellis.
18:48 of 1st period - Shot by Mattias Weinhandl.
18:48 of 1st period - Stopped by Jason Bacashihua without a rebound.
18:49 of 1st period - Frans Nielsen wins face-off versus Leo Komarov in Blues zone.
19:02 of 1st period - Shot by Milan Lucic.
19:02 of 1st period - Deflect By Sam Reinhart.
19:02 of 1st period - Goal by Sam Reinhart - Blues : 0 - Jets : 2.
19:03 of 1st period - Sidney Crosby wins face-off versus *Nico Hischier in neutral zone.
19:11 of 1st period - *Nico Hischier is hit by Keith Yandle and loses puck.
19:14 of 1st period - Shot by *Nico Hischier.
19:14 of 1st period - Stopped by Jason Bacashihua without a rebound.
19:15 of 1st period - Leo Komarov wins face-off versus Frans Nielsen in Blues zone.
Goals for this period are 0 for Blues vs 2 for Jets.
Shots for this period are 14 for Blues vs 12 for Jets.

2nd period


0:01 of 2nd period - Ryan Getzlaf wins face-off versus Chris Higgins in neutral zone.
0:37 of 2nd period - Shot by Ryan Getzlaf.
0:37 of 2nd period - Goal by Ryan Getzlaf - Blues : 1 - Jets : 2.
0:38 of 2nd period - Leo Komarov wins face-off versus Tobias Rieder in neutral zone.
0:49 of 2nd period - Shot by Marc-Edouard Vlasic.
0:49 of 2nd period - Stopped by Jason Bacashihua with a rebound.
0:51 of 2nd period - Shot by Leo Komarov.
0:51 of 2nd period - Shot Blocked by Sidney Crosby.
0:53 of 2nd period - Shot by Connor Murphy.
0:53 of 2nd period - Shot Misses the Net.
0:55 of 2nd period - Shot by Leo Komarov.
0:55 of 2nd period - Shot Misses the Net.
0:57 of 2nd period - Shot by Leo Komarov.
0:57 of 2nd period - Shot Blocked by David Savard.
0:59 of 2nd period - Shot by Connor Murphy.
0:59 of 2nd period - Shot Misses the Net.
1:01 of 2nd period - Shot by Connor Murphy.
1:01 of 2nd period - Shot Misses the Net.
1:03 of 2nd period - Shot by Leo Komarov.
1:03 of 2nd period - Stopped by Jason Bacashihua with a rebound.
1:05 of 2nd period - Shot by Leo Komarov.
1:05 of 2nd period - Shot Blocked by Sidney Crosby.
1:09 of 2nd period - Shot by Sam Reinhart.
1:09 of 2nd period - Stopped by Jason Bacashihua without a rebound.
1:10 of 2nd period - *Nico Hischier wins face-off versus Frans Nielsen in Blues zone.
1:41 of 2nd period - Shot by Michal Birner.
1:41 of 2nd period - Stopped by Maxime Daigneault without a rebound.
1:42 of 2nd period - Chris Higgins wins face-off versus Ryan Getzlaf in Jets zone.
1:42 of 2nd period - Chris Higgins is hit by Ryan Getzlaf.
1:50 of 2nd period - Shot by Ryan Getzlaf.
1:50 of 2nd period - Shot Blocked by Marc-Edouard Vlasic.
1:52 of 2nd period - Shot by Patric Hornqvist.
1:52 of 2nd period - Stopped by Maxime Daigneault without a rebound.
1:53 of 2nd period - Leo Komarov wins face-off versus Sidney Crosby in Jets zone.
1:53 of 2nd period - Milan Lucic is hit by Sidney Crosby and loses puck.
1:57 of 2nd period - Minor Penalty to Oliver Setzinger for Checking from behind.
1:58 of 2nd period - *Nico Hischier wins face-off versus Frans Nielsen in Blues zone.
3:02 of 2nd period - Shot by Marc-Edouard Vlasic.
3:02 of 2nd period - Shot Blocked by Ryan Getzlaf.
3:06 of 2nd period - Shot by Leo Komarov.
3:06 of 2nd period - Shot Misses the Net.
3:08 of 2nd period - Shot by Leo Komarov.
3:08 of 2nd period - Shot Misses the Net.
3:10 of 2nd period - Shot by Marc-Edouard Vlasic.
3:10 of 2nd period - Stopped by Jason Bacashihua without a rebound.
3:11 of 2nd period - Frans Nielsen wins face-off versus Leo Komarov in Blues zone.
3:30 of 2nd period - Off-side.
3:31 of 2nd period - Ryan Getzlaf wins face-off versus *Nico Hischier in neutral zone.
3:39 of 2nd period - Off-side.
3:40 of 2nd period - Frans Nielsen wins face-off versus *Nico Hischier in neutral zone.
4:31 of 2nd period - Tim Jackman is hit by Oliver Setzinger and loses puck.
4:58 of 2nd period - David Savard is hit by Ryan Spooner and loses puck.
5:12 of 2nd period - Icing by David Savard.
5:13 of 2nd period - Sam Reinhart wins face-off versus Ryan Getzlaf in Blues zone.
5:23 of 2nd period - Icing by Oscar Klefbom.
5:24 of 2nd period - Ryan Getzlaf wins face-off versus *Nico Hischier in Blues zone.
5:33 of 2nd period - Shot by Patric Hornqvist.
5:33 of 2nd period - Goal by Patric Hornqvist - Blues : 2 - Jets : 2.
5:34 of 2nd period - Frans Nielsen wins face-off versus Leo Komarov in neutral zone.
5:53 of 2nd period - Shot by Leo Komarov.
5:53 of 2nd period - Shot Misses the Net.
5:58 of 2nd period - Milan Lucic is hit by Nate Guenin and loses puck.
6:12 of 2nd period - Icing by Nate Guenin.
6:13 of 2nd period - *Nico Hischier wins face-off versus Frans Nielsen in Blues zone.
6:38 of 2nd period - Shot by Mattias Weinhandl.
6:38 of 2nd period - Shot Misses the Net.
6:48 of 2nd period - Shot by *Nico Hischier.
6:48 of 2nd period - Stopped by Jason Bacashihua without a rebound.
6:49 of 2nd period - Sidney Crosby wins face-off versus Chris Higgins in Blues zone.
7:01 of 2nd period - Shot by Tobias Rieder.
7:01 of 2nd period - Stopped by Maxime Daigneault without a rebound.
7:02 of 2nd period - Leo Komarov wins face-off versus Ryan Getzlaf in Jets zone.
7:28 of 2nd period - Icing by Sam Reinhart.
7:29 of 2nd period - Leo Komarov wins face-off versus Oliver Setzinger in Jets zone.
8:33 of 2nd period - Shot by Josh Bailey.
8:33 of 2nd period - Stopped by Jason Bacashihua without a rebound.
8:34 of 2nd period - *Nico Hischier wins face-off versus Ryan Getzlaf in Blues zone.
8:34 of 2nd period - *Nico Hischier is hit by Mike Weber.
8:38 of 2nd period - Shot by Mattias Weinhandl.
8:38 of 2nd period - Stopped by Jason Bacashihua without a rebound.
8:39 of 2nd period - Ryan Getzlaf wins face-off versus *Nico Hischier in Blues zone.
8:39 of 2nd period - Ryan Getzlaf is hit by Kevin Porter.
8:48 of 2nd period - Minor Penalty to Doug Janik for Hooking.
8:49 of 2nd period - Chris Higgins wins face-off versus Sidney Crosby in Jets zone.
8:49 of 2nd period - Chris Higgins is hit by Sidney Crosby.
9:02 of 2nd period - Off-side.
9:03 of 2nd period - Chris Higgins wins face-off versus Ryan Getzlaf in neutral zone.
9:12 of 2nd period - Shot by Chris Higgins.
9:12 of 2nd period - Deflect By Josh Bailey.
9:12 of 2nd period - Stopped by Jason Bacashihua with a rebound.
9:19 of 2nd period - Icing by Oliver Setzinger.
9:20 of 2nd period - Ryan Getzlaf wins face-off versus Chris Higgins in Blues zone.
9:29 of 2nd period - Shot by Oliver Setzinger.
9:29 of 2nd period - Stopped by Maxime Daigneault with a rebound.
10:17 of 2nd period - Shot by Keith Yandle.
10:17 of 2nd period - Stopped by Maxime Daigneault without a rebound.
10:18 of 2nd period - Chris Higgins wins face-off versus Sidney Crosby in Jets zone.
10:33 of 2nd period - Shot by David Savard.
10:33 of 2nd period - Stopped by Maxime Daigneault without a rebound.
10:34 of 2nd period - Milan Lucic wins face-off versus Ryan Getzlaf in Jets zone.
11:39 of 2nd period - Shot by Ryan Getzlaf.
11:39 of 2nd period - Stopped by Maxime Daigneault without a rebound.
11:40 of 2nd period - Leo Komarov wins face-off versus Ryan Getzlaf in Jets zone.
11:40 of 2nd period - Leo Komarov is hit by Ryan Getzlaf.
11:48 of 2nd period - Shot by Sam Reinhart.
11:48 of 2nd period - Shot Blocked by Trevor Daley.
12:03 of 2nd period - Ryan Getzlaf is hit by Jake Muzzin and loses puck.
12:14 of 2nd period - Shot by Ryan Getzlaf.
12:14 of 2nd period - Shot Blocked by Jake Muzzin.
12:16 of 2nd period - Shot by Trevor Daley.
12:16 of 2nd period - Stopped by Maxime Daigneault without a rebound.
12:17 of 2nd period - Sidney Crosby wins face-off versus Chris Higgins in Jets zone.
12:20 of 2nd period - Shot by Tobias Rieder.
12:20 of 2nd period - Deflect By Oliver Setzinger.
12:20 of 2nd period - Shot Blocked by Chris Higgins.
13:00 of 2nd period - Tobias Rieder is hit by Josh Bailey and loses puck.
13:24 of 2nd period - Shot by *Nico Hischier.
13:24 of 2nd period - Shot Misses the Net.
13:26 of 2nd period - Shot by Mattias Weinhandl.
13:26 of 2nd period - Goal by Mattias Weinhandl - Blues : 2 - Jets : 3.
13:27 of 2nd period - Ryan Getzlaf wins face-off versus Leo Komarov in neutral zone.
13:50 of 2nd period - Shot by Sam Reinhart.
13:50 of 2nd period - Stopped by Jason Bacashihua without a rebound.
13:51 of 2nd period - *Nico Hischier wins face-off versus Michal Birner in Blues zone.
14:00 of 2nd period - Shot by *Nico Hischier.
14:00 of 2nd period - Goal by *Nico Hischier - Blues : 2 - Jets : 4.
14:01 of 2nd period - Ryan Getzlaf wins face-off versus Chris Higgins in neutral zone.
14:04 of 2nd period - Shot by Trevor Daley.
14:04 of 2nd period - Shot Misses the Net.
14:06 of 2nd period - Shot by Mike Weber.
14:06 of 2nd period - Shot Misses the Net.
14:08 of 2nd period - Shot by Ryan Getzlaf.
14:08 of 2nd period - Shot Misses the Net.
14:10 of 2nd period - Shot by Patric Hornqvist.
14:10 of 2nd period - Deflect By Ryan Getzlaf.
14:10 of 2nd period - Stopped by Maxime Daigneault without a rebound.
14:11 of 2nd period - Chris Higgins wins face-off versus Frans Nielsen in Jets zone.
14:11 of 2nd period - Chris Higgins is hit by Matt D'Agostini.
14:23 of 2nd period - Shot by Frans Nielsen.
14:23 of 2nd period - Stopped by Maxime Daigneault with a rebound.
14:25 of 2nd period - Shot by Matt D'Agostini.
14:25 of 2nd period - Shot Misses the Net.
14:27 of 2nd period - Shot by Nate Guenin.
14:27 of 2nd period - Shot Misses the Net.
14:29 of 2nd period - Shot by Matt D'Agostini.
14:29 of 2nd period - Shot Misses the Net.
14:31 of 2nd period - Shot by Nate Guenin.
14:31 of 2nd period - Stopped by Maxime Daigneault without a rebound.
14:32 of 2nd period - Ryan Getzlaf wins face-off versus Sam Reinhart in Jets zone.
14:35 of 2nd period - Shot by Patric Hornqvist.
14:35 of 2nd period - Deflect By Ryan Getzlaf.
14:35 of 2nd period - Stopped by Maxime Daigneault without a rebound.
14:36 of 2nd period - Martin Erat wins face-off versus Chris Higgins in Jets zone.
14:37 of 2nd period - Shot by Ryan Getzlaf.
14:37 of 2nd period - Stopped by Maxime Daigneault without a rebound.
14:38 of 2nd period - Ryan Getzlaf wins face-off versus Chris Higgins in Jets zone.
14:53 of 2nd period - Shot by Ryan Getzlaf.
14:53 of 2nd period - Stopped by Maxime Daigneault without a rebound.
14:54 of 2nd period - Leo Komarov wins face-off versus Matt D'Agostini in Jets zone.
14:54 of 2nd period - Leo Komarov is hit by Matt D'Agostini.
14:59 of 2nd period - Off-side.
15:00 of 2nd period - Ryan Getzlaf wins face-off versus Chris Higgins in neutral zone.
15:17 of 2nd period - Shot by Ryan Getzlaf.
15:17 of 2nd period - Stopped by Maxime Daigneault without a rebound.
15:18 of 2nd period - Sidney Crosby wins face-off versus Leo Komarov in Jets zone.
15:25 of 2nd period - Shot by Tobias Rieder.
15:25 of 2nd period - Stopped by Maxime Daigneault with a rebound.
15:26 of 2nd period - Minor Penalty to Oliver Setzinger for Hooking.
15:27 of 2nd period - Frans Nielsen wins face-off versus *Nico Hischier in Blues zone.
15:33 of 2nd period - Shot by *Nico Hischier.
15:33 of 2nd period - Stopped by Jason Bacashihua without a rebound.
15:34 of 2nd period - Frans Nielsen wins face-off versus *Nico Hischier in Blues zone.
15:34 of 2nd period - Frans Nielsen is hit by Josh Bailey.
15:59 of 2nd period - Shot by Ryan Ellis.
15:59 of 2nd period - Stopped by Jason Bacashihua without a rebound.
16:00 of 2nd period - Frans Nielsen wins face-off versus Leo Komarov in Blues zone.
16:23 of 2nd period - Shot by David Savard.
16:23 of 2nd period - Stopped by Maxime Daigneault with a rebound.
16:25 of 2nd period - Shot by David Savard.
16:25 of 2nd period - Stopped by Maxime Daigneault with a rebound.
16:38 of 2nd period - Icing by Leo Komarov.
16:39 of 2nd period - Leo Komarov wins face-off versus Ryan Getzlaf in Jets zone.
16:41 of 2nd period - Icing by Milan Lucic.
16:42 of 2nd period - Ryan Getzlaf wins face-off versus Leo Komarov in Jets zone.
16:47 of 2nd period - Shot by Ryan Getzlaf.
16:47 of 2nd period - Deflect By Patric Hornqvist.
16:47 of 2nd period - Shot Misses the Net.
16:49 of 2nd period - Shot by Oscar Klefbom.
16:49 of 2nd period - Shot Misses the Net.
16:51 of 2nd period - Shot by Ryan Getzlaf.
16:51 of 2nd period - Stopped by Maxime Daigneault without a rebound.
16:52 of 2nd period - Clarke MacArthur wins face-off versus Frans Nielsen in Jets zone.
16:58 of 2nd period - Shot by Jake Muzzin.
16:58 of 2nd period - Shot Misses the Net.
17:00 of 2nd period - Shot by Clarke MacArthur.
17:00 of 2nd period - Shot Misses the Net.
17:02 of 2nd period - Shot by Jake Muzzin.
17:02 of 2nd period - Stopped by Jason Bacashihua without a rebound.
17:03 of 2nd period - *Nico Hischier wins face-off versus Frans Nielsen in Blues zone.
17:25 of 2nd period - Off-side.
17:26 of 2nd period - Sidney Crosby wins face-off versus Leo Komarov in neutral zone.
17:41 of 2nd period - Shot by Oliver Setzinger.
17:41 of 2nd period - Stopped by Maxime Daigneault without a rebound.
17:42 of 2nd period - Ryan Getzlaf wins face-off versus Chris Higgins in Jets zone.
17:57 of 2nd period - Shot by Chris Higgins.
17:57 of 2nd period - Shot Blocked by David Savard.
18:05 of 2nd period - Shot by Clarke MacArthur.
18:05 of 2nd period - Shot Blocked by David Savard.
18:07 of 2nd period - Shot by Josh Bailey.
18:07 of 2nd period - Shot Misses the Net.
18:09 of 2nd period - Shot by Clarke MacArthur.
18:09 of 2nd period - Shot Misses the Net.
18:23 of 2nd period - Shot by Clarke MacArthur.
18:23 of 2nd period - Stopped by Jason Bacashihua with a rebound.
18:25 of 2nd period - Shot by Clarke MacArthur.
18:25 of 2nd period - Stopped by Jason Bacashihua without a rebound.
18:26 of 2nd period - Frans Nielsen wins face-off versus Leo Komarov in Blues zone.
18:37 of 2nd period - Shot by Milan Lucic.
18:37 of 2nd period - Shot Misses the Net.
18:43 of 2nd period - Shot by Leo Komarov.
18:43 of 2nd period - Stopped by Jason Bacashihua without a rebound.
18:44 of 2nd period - Sidney Crosby wins face-off versus *Nico Hischier in Blues zone.
18:44 of 2nd period - Sidney Crosby is hit by Kevin Porter.
19:08 of 2nd period - Shot by Mattias Weinhandl.
19:08 of 2nd period - Shot Misses the Net.
19:15 of 2nd period - Tobias Rieder is hit by Doug Janik and loses puck.
Goals for this period are 2 for Blues vs 2 for Jets.
Shots for this period are 22 for Blues vs 17 for Jets.

3rd period


0:01 of 3rd period - Chris Higgins wins face-off versus Patric Hornqvist in neutral zone.
0:51 of 3rd period - Minor Penalty to Leo Komarov for Hooking.
0:52 of 3rd period - Chris Higgins wins face-off versus Sidney Crosby in Jets zone.
0:52 of 3rd period - Chris Higgins is hit by Anders Lee.
1:16 of 3rd period - Shot by Sidney Crosby.
1:16 of 3rd period - Deflect By Anders Lee.
1:16 of 3rd period - Shot Misses the Net.
1:18 of 3rd period - Shot by Sidney Crosby.
1:18 of 3rd period - Stopped by Maxime Daigneault without a rebound.
1:19 of 3rd period - Ryan Getzlaf wins face-off versus Milan Lucic in Jets zone.
1:31 of 3rd period - Shot by Oliver Setzinger.
1:31 of 3rd period - Shot Hit the Post.
1:33 of 3rd period - Shot by Mike Weber.
1:33 of 3rd period - Shot Misses the Net.
1:39 of 3rd period - Shot by Ryan Getzlaf.
1:39 of 3rd period - Stopped by Maxime Daigneault with a rebound.
1:41 of 3rd period - Shot by Oliver Setzinger.
1:41 of 3rd period - Goal by Oliver Setzinger - Blues : 3 - Jets : 4.
1:42 of 3rd period - Frans Nielsen wins face-off versus *Nico Hischier in neutral zone.
2:17 of 3rd period - Shot by *Nico Hischier.
2:17 of 3rd period - Deflect By Mattias Weinhandl.
2:17 of 3rd period - Shot Misses the Net.
2:34 of 3rd period - Off-side.
2:35 of 3rd period - Leo Komarov wins face-off versus Sidney Crosby in neutral zone.
2:47 of 3rd period - Icing by Trevor Daley.
2:48 of 3rd period - Sidney Crosby wins face-off versus Chris Higgins in Blues zone.
2:48 of 3rd period - Sidney Crosby is hit by Josh Bailey.
2:55 of 3rd period - Trevor Daley is hit by Josh Bailey and loses puck.
3:02 of 3rd period - Shot by Josh Bailey.
3:02 of 3rd period - Stopped by Jason Bacashihua with a rebound.
3:07 of 3rd period - Icing by Trevor Daley.
3:08 of 3rd period - Sidney Crosby wins face-off versus Leo Komarov in Blues zone.
4:07 of 3rd period - Icing by Marc-Edouard Vlasic.
4:08 of 3rd period - Josh Bailey wins face-off versus Martin Erat in Jets zone.
4:15 of 3rd period - Shot by Marc-Edouard Vlasic.
4:15 of 3rd period - Stopped by Jason Bacashihua without a rebound.
4:16 of 3rd period - Ryan Getzlaf wins face-off versus Chris Higgins in Blues zone.
4:53 of 3rd period - Off-side.
4:54 of 3rd period - Frans Nielsen wins face-off versus Leo Komarov in neutral zone.
5:05 of 3rd period - Shot by Michal Birner.
5:05 of 3rd period - Deflect By Frans Nielsen.
5:05 of 3rd period - Stopped by Maxime Daigneault without a rebound.
5:06 of 3rd period - Jacob Josefson wins face-off versus *Nico Hischier in Jets zone.
5:22 of 3rd period - Mattias Weinhandl is hit by Nate Guenin and loses puck.
5:42 of 3rd period - *Nico Hischier is hit by Nate Guenin and loses puck.
6:42 of 3rd period - Shot by Patric Hornqvist.
6:42 of 3rd period - Shot Misses the Net.
6:44 of 3rd period - Shot by Patric Hornqvist.
6:44 of 3rd period - Stopped by Maxime Daigneault without a rebound.
6:45 of 3rd period - Leo Komarov wins face-off versus Sidney Crosby in Jets zone.
6:49 of 3rd period - Milan Lucic is hit by Oliver Setzinger.
7:17 of 3rd period - Shot by Sidney Crosby.
7:17 of 3rd period - Stopped by Maxime Daigneault without a rebound.
7:18 of 3rd period - *Nico Hischier wins face-off versus Frans Nielsen in Jets zone.
7:55 of 3rd period - Matt D'Agostini is hit by Jake Muzzin and loses puck.
8:18 of 3rd period - Shot by Clarke MacArthur.
8:18 of 3rd period - Stopped by Jason Bacashihua with a rebound.
8:20 of 3rd period - Shot by Connor Murphy.
8:20 of 3rd period - Shot Misses the Net.
8:22 of 3rd period - Shot by Marc-Edouard Vlasic.
8:22 of 3rd period - Shot Blocked by Ryan Getzlaf.
8:24 of 3rd period - Shot by Marc-Edouard Vlasic.
8:24 of 3rd period - Shot Misses the Net.
8:28 of 3rd period - Shot by Chris Higgins.
8:28 of 3rd period - Shot Misses the Net.
8:40 of 3rd period - Shot by Josh Bailey.
8:40 of 3rd period - Stopped by Jason Bacashihua with a rebound.
8:50 of 3rd period - Shot by Josh Bailey.
8:50 of 3rd period - Stopped by Jason Bacashihua without a rebound.
8:51 of 3rd period - Leo Komarov wins face-off versus Sidney Crosby in Blues zone.
9:34 of 3rd period - Shot by Trevor Daley.
9:34 of 3rd period - Stopped by Maxime Daigneault without a rebound.
9:35 of 3rd period - Michal Birner wins face-off versus Josh Bailey in Jets zone.
9:50 of 3rd period - Shot by Michal Birner.
9:50 of 3rd period - Shot Misses the Net.
9:52 of 3rd period - Shot by Frans Nielsen.
9:52 of 3rd period - Shot Blocked by Jake Muzzin.
9:54 of 3rd period - Shot by Matt D'Agostini.
9:54 of 3rd period - Deflect By Michal Birner.
9:54 of 3rd period - Stopped by Maxime Daigneault without a rebound.
9:55 of 3rd period - Ryan Getzlaf wins face-off versus *Nico Hischier in Jets zone.
10:49 of 3rd period - Trevor Daley is hit by Kevin Porter and loses puck.
11:41 of 3rd period - Shot by Frans Nielsen.
11:41 of 3rd period - Stopped by Maxime Daigneault with a rebound.
11:43 of 3rd period - Shot by Michal Birner.
11:43 of 3rd period - Stopped by Maxime Daigneault without a rebound.
11:44 of 3rd period - Chris Higgins wins face-off versus Jacob Josefson in Jets zone.
12:20 of 3rd period - Shot by Jake Muzzin.
12:20 of 3rd period - Shot Misses the Net.
12:37 of 3rd period - Icing by Jacob Josefson.
12:38 of 3rd period - Jacob Josefson wins face-off versus Leo Komarov in Blues zone.
12:38 of 3rd period - Jacob Josefson is hit by Leo Komarov.
12:39 of 3rd period - Double Minor Penalty to Leo Komarov for High sticking.
12:40 of 3rd period - Sidney Crosby wins face-off versus Chris Higgins in Jets zone.
12:43 of 3rd period - Shot by Martin Erat.
12:43 of 3rd period - Stopped by Maxime Daigneault with a rebound.
12:45 of 3rd period - Shot by Mike Weber.
12:45 of 3rd period - Shot Misses the Net.
12:47 of 3rd period - Shot by Sidney Crosby.
12:47 of 3rd period - Stopped by Maxime Daigneault without a rebound.
12:48 of 3rd period - Ryan Getzlaf wins face-off versus Chris Higgins in Jets zone.
12:51 of 3rd period - Shot by Patric Hornqvist.
12:51 of 3rd period - Stopped by Maxime Daigneault with a rebound.
13:11 of 3rd period - Ryan Getzlaf is hit by Josh Bailey and loses puck.
14:12 of 3rd period - Shot by David Savard.
14:12 of 3rd period - Stopped by Maxime Daigneault without a rebound.
14:13 of 3rd period - Chris Higgins wins face-off versus Sidney Crosby in Jets zone.
15:13 of 3rd period - Off-side.
15:14 of 3rd period - Ryan Getzlaf wins face-off versus Chris Higgins in neutral zone.
15:17 of 3rd period - Shot by David Savard.
15:17 of 3rd period - Shot Misses the Net.
16:13 of 3rd period - Shot by Martin Erat.
16:13 of 3rd period - Stopped by Maxime Daigneault with a rebound.
16:15 of 3rd period - Shot by Mike Weber.
16:15 of 3rd period - Shot Blocked by Chris Higgins.
16:17 of 3rd period - Shot by Mike Weber.
16:17 of 3rd period - Shot Misses the Net.
16:19 of 3rd period - Shot by Martin Erat.
16:19 of 3rd period - Shot Blocked by Marc-Edouard Vlasic.
17:02 of 3rd period - *Nico Hischier is hit by Mike Weber and loses puck.
17:06 of 3rd period - Icing by Trevor Daley.
17:07 of 3rd period - Leo Komarov wins face-off versus Jacob Josefson in Blues zone.
17:16 of 3rd period - Shot by Leo Komarov.
17:16 of 3rd period - Shot Blocked by Chad LaRose.
17:20 of 3rd period - Shot by Milan Lucic.
17:20 of 3rd period - Shot Misses the Net.
17:26 of 3rd period - Shot by Leo Komarov.
17:26 of 3rd period - Shot Blocked by Mike Weber.
17:34 of 3rd period - Shot by Sam Reinhart.
17:34 of 3rd period - Shot Misses the Net.
17:36 of 3rd period - Shot by Sam Reinhart.
17:36 of 3rd period - Shot Blocked by Trevor Daley.
17:38 of 3rd period - Shot by Nathan McIver.
17:38 of 3rd period - Stopped by Jason Bacashihua without a rebound.
17:39 of 3rd period - *Nico Hischier wins face-off versus Ryan Getzlaf in Blues zone.
17:40 of 3rd period - Shot by Doug Janik.
17:40 of 3rd period - Stopped by Jason Bacashihua without a rebound.
17:41 of 3rd period - *Nico Hischier wins face-off versus Frans Nielsen in Blues zone.
17:42 of 3rd period - Shot by Mattias Weinhandl.
17:42 of 3rd period - Stopped by Jason Bacashihua without a rebound.
17:43 of 3rd period - Sidney Crosby wins face-off versus Chris Higgins in Blues zone.
18:16 of 3rd period - Shot by Tobias Rieder.
18:16 of 3rd period - Stopped by Maxime Daigneault without a rebound.
18:17 of 3rd period - Frans Nielsen wins face-off versus Leo Komarov in Jets zone.
18:28 of 3rd period - Icing by Ryan Ellis.
18:29 of 3rd period - Ryan Getzlaf wins face-off versus Leo Komarov in Jets zone.
18:32 of 3rd period - Shot by Martin Erat.
18:32 of 3rd period - Stopped by Maxime Daigneault with a rebound.
18:34 of 3rd period - Shot by Ryan Getzlaf.
18:34 of 3rd period - Shot Blocked by Jake Muzzin.
18:47 of 3rd period - Off-side.
18:48 of 3rd period - Josh Bailey wins face-off versus Frans Nielsen in neutral zone.
18:48 of 3rd period - Josh Bailey is hit by Matt D'Agostini.
19:18 of 3rd period - Clarke MacArthur is hit by David Savard and loses puck.
Goals for this period are 1 for Blues vs 0 for Jets.
Shots for this period are 17 for Blues vs 8 for Jets.